Arrhythmia, chaotic female vampiric Convict ----- |...| ---------- |...| |........| -...| |...<....| ....| |........| -...| --.------- !|...|# # |...-## # |...|# ### |...|# # |...|) ### ! |...|# ( |...|#! ###)##### |...|# --.---.- -...|@ |.....^| ...|#@###########)...)).| ----- -------- Arrhythmia the Jail-bird Experience level: 8 Strength: 16 Dexterity: 18 Constitution: 17 Intelligence: 11 Wisdom: 7 Charisma: 7 Health: 0(67) Energy: 46(46) AC: 1 Gold: 243 Moves: 3479 Your Inventory: Coins $ - 243 gold pieces Armor q - a [blessed] +1 dwarvish mithril-coat (being worn) r - an [uncursed] +0 pair of hard shoes [iron] (being worn) C - a cursed -1 etched helmet [helmet] (being worn) Scrolls p - an [uncursed] scroll labeled ANDOVA BEGARIN [of enchant armor] v - a [blessed] scroll labeled GNIK SISI VLE [of identify] x - an [uncursed] scroll labeled PRIRUTSENIE [of teleportation] Wands A - an [uncursed] wand of magic missile [0:3] Tools f - an [uncursed] bag [sack] Iron balls c - an [uncursed] heavy iron ball (chained to you) (weapon in hand) Contents of the sack: 393 gold pieces a [cursed +0] pair of riding boots [elven] an uncursed +0 striped shirt an [uncursed] Hot Futa Mare Dick named Lucky charm an [uncursed] brown potion [of full healing] an [uncursed] wand of polymorph [0:5] an [uncursed tallow] candle a [cursed magic] lamp Spells known in the end: Name Level Category Fail Memory Your skills at the end: Fighting Skills Weapon Skills sling [Basic / Skilled] Spellcasting Skills Final Attributes: You had sinned. Hunger level was 393. Your alignment was -7 / 27. Monster difficulty range was 0 - 6. Level difficulty was 5. You were immune to poison. You were immune to level-drain. You were immune to sickness. You were punished. You could fly. You could survive without air. You regenerated. You were lucky (1). You are dead. Vanquished creatures: a small mimic 4 watchmen an iron piercer a jaguar a dust vortex a human zombie 3 snow ants a bugbear a rock piercer a violet fungus 4 gnome lords a gray ooze 8 dwarves 6 hill orcs 2 rothes a monkey 3 dwarf zombies an acid blob 4 hobbits a hobgoblin 6 giant rats a green mold 40 gnomes 2 geckos 6 jackals 3 foxes 2 kobolds 3 goblins 2 grid bugs a bat 4 lichens 3 newts 119 creatures vanquished. Voluntary challenges: You went without food. You never hit with a wielded weapon. You read items or engraved 3 times. You put on armor 12 times. You never genocided any monsters. You never polymorphed an object. You never changed form. You used no wishes. You abstained from Elbereth's help. You never encountered a bones level. You never used any Sokoban shortcuts. Dungeon overview: The Dungeons of Doom: levels 1 to 2 Level 1 an altar to Tymora a long staircase Level 2 a delicatessen, a fountain stairs to The Gnomish Mines The Gnomish Mines: levels 3 to 7 Level 3 stairs to The Dungeons of Doom Level 5 <- You were here History has recorded: On T:1 you entered the Dungeons of Doom to retrieve the Amulet of Yendor! On T:164 you advanced to experience level 2. On T:282 you advanced to experience level 3. On T:923 you reached level 2 of The Dungeons of Doom. On T:925 you advanced to experience level 4. On T:1334 you advanced to experience level 5. On T:1449 you reached level 1 of The Gnomish Mines. On T:1500 you advanced to experience level 6. On T:1919 you reached level 2 of The Gnomish Mines. On T:2023 you advanced to experience level 7. On T:2180 you reached level 3 of The Gnomish Mines. On T:2198 you reached level 4 of The Gnomish Mines. On T:2528 you reached level 5 of The Gnomish Mines. On T:2601 you advanced to experience level 8. Latest messages: x - a scroll labeled PRIRUTSENIE. The watchman picks up a knife. [HP+1=17] You begin praying to Tymora. The watchman thrusts her short sword. The watchman hits! [HP-7=10] The watchman thrusts her short sword. The watchman hits! [HP-4=6] The watchman thrusts her short sword. The watchman hits! You finish your prayer. You feel that Tymora is displeased. [HP-2=4] [3 turns] As you read the scroll, it disappears. Your nose tingles and you smell something. The watchman thrusts her short sword. The watchman hits! You die... Final status: Goodbye Arrhythmia the Convict... You died in The Gnomish Mines on dungeon level 5 with 4669 points, and 636 pieces of gold, after 3479 moves. You were level 8 with a maximum of 67 hit points when you died.